 Dungeon Crawl Stone Soup version 0.23-a0-143-g1adec7b (webtiles) character file.

222 KristoblXynda the Covered (level 5, -7/46 HPs)
             Began as a Deep Dwarf Fighter on Sept 2, 2018.
             Killed by divine providence
             ... invoked by an orc priest
              (12 damage)
             ... on level 3 of the Dungeon.
             The game lasted 00:02:50 (1436 turns).

KristoblXynda the Covered (Deep Dwarf Fighter)      Turns: 1436, Time: 00:02:50

Health: -7/46      AC:  8    Str: 20    XL:     5   Next: 66%
Magic:  5/5        EV:  7    Int:  9    God:
Gold:   189        SH: 10    Dex: 12    Spells: 4/4 levels left

rFire    . . .     SeeInvis .   a - +0 war axe
rCold    . . .     Gourm    .   c - +0 shield
rNeg     . . .     Faith    .   b - +0 scale mail
rPois    .         Spirit   .   (no helmet)
rElec    .         Reflect  .   g - +0 cloak
rCorr    .         Harm     .   (no gloves)
MR       +....                  (no boots)
Stlth    ..........             j - amulet of the acrobat
HPRegen  0.00/turn              i - ring of protection from magic
MPRegen  0.09/turn              (no ring)

@: non-regenerating
A: damage resistance, heal wounds, sense surroundings 1, no regeneration
a: Heal Wounds


You were on level 3 of the Dungeon.
You were not hungry.

You visited 1 branch of the dungeon, and saw 3 of its levels.

You collected 189 gold pieces.

Inventory:

Hand Weapons
 a - a +0 war axe (weapon)
Armour
 b - a +0 scale mail (worn)
 c - a +0 shield (worn)
 g - a +0 cloak (worn)
Jewellery
 i - a ring of protection from magic (left hand)
 j - an amulet of the acrobat (around neck)
 m - an uncursed ring of protection from fire {unknown}
Scrolls
 e - 2 scrolls of fog {unknown}
 k - 2 scrolls of remove curse
 l - a scroll of teleportation {unknown}
 p - a scroll of immolation {unknown}
Potions
 d - a potion of might
 h - 2 potions of curing
 n - a potion of berserk rage {unknown}
Comestibles
 f - 7 rations


   Skills:
 - Level 2.6 Fighting
 + Level 4.2 Axes
 + Level 4.8 Armour
 + Level 4.8 Shields


You had 4 spell levels left.
You didn't know any spells.
Your spell library was empty.

Dungeon Overview and Level Annotations

Branches:
Dungeon (3/15)

Altars:


Innate Abilities, Weirdness & Mutations

You are resistant to damage.
You can heal yourself by infusing magical energy.
You passively map a small area around you.
You do not regenerate.


Message History

You hit the orc wizard.
The orc wizard is heavily wounded.
The orc wizard hits you but does no damage.
You slash the orc wizard!
You kill the orc wizard!
You slash the orc!
You kill the orc!
You block the orc's attack. You block the orc priest's attack.
Your shield and scale mail prevent you from hitting the orc priest.
You block the orc's attack.
The orc priest calls down the wrath of Beogh upon you.
Beogh smites you!
* * * LOW HITPOINT WARNING * * *
You hear an angry hiss.
You barely miss the orc priest. You block the orc's attack.
The orc priest barely misses you. You block the orc's attack.
You hit the orc priest but do no damage.
The orc priest mumbles some strange prayers to Beogh against you.
Beogh smites you!
You die...

........#.....#########
........##.#..........#
........##.#..........#
........##............#
......................#
*
........##............#
........##....#########
........##.#..######
........##.#.>..@o.# *
* ........##.#######o#
* , , ........##.# #.#
######### .# #o# ** , ,
,*


.oo ,, , *, #...., #..... , , * #.....o, * #....... * You could see an orc
priest and an orc.

Vanquished Creatures
  An orc wizard (D:3)
  2 orc priests (D:3)
  Robin (D:3)
  3 adders (D:3)
  A worm (D:2)
  A dart slug (D:1)
  A leopard gecko (D:2)
  10 orcs (D:3)
  2 ball pythons
  A giant cockroach (D:3)
  16 goblins
  11 hobgoblins
  7 jackals
  7 bats
  3 frilled lizards
  7 kobolds
  5 rats
79 creatures vanquished.

Notes
Turn   | Place    | Note
-------+----------+-------------------------------------------
     0 | D:1      | KristoblXynda the Deep Dwarf Fighter began the quest for
                  | the Orb.
     0 | D:1      | Reached XP level 1. HP: 20/20 MP: 1/1
   148 | D:1      | Reached XP level 2. HP: 27/27 MP: 2/2
   359 | D:1      | Reached XP level 3. HP: 26/33 MP: 3/3
  1191 | D:3      | Reached XP level 4. HP: 25/40 MP: 4/4
  1324 | D:3      | Noticed Robin
  1337 | D:3      | Reached XP level 5. HP: 17/46 MP: 5/5
  1344 | D:3      | Killed Robin
  1436 | D:3      | Killed from afar by an orc priest

Vault maps used:
D:1:      dpeg_arrival_stonehenge_8_columns
D:3:      first_ration, kennysheep_slug_shrine, uniq_robin

Skill      XL: |  1  2  3  4  5 |
---------------+----------------+-----
Axes           | 3 4 |  4.2
Armour         | 4 |  4.8
Shields        | 4 |  4.8
Fighting       | |  2.6

Action                   |  1- 3 |  4- 6 || total
-------------------------+-------+-------++-------
Melee: War axe           |   102 |    72 ||   174
  Use: Scroll            |     1 |       ||     1
       Potion            |       |     2 ||     2
  Eat: Chunk             |     1 |     1 ||     2
Armor: Scale mail        |    71 |    46 ||   117
Dodge: Dodged            |    45 |    30 ||    75
Block: Shield            |    77 |    69 ||   146

Table legend:
 A = Non-vault XP
 B = Vault XP
 C = Vault XP percentage of total XP
 D = Non-vault monster count
 E = Vault monster count
 F = Vault count percentage of total count
                 A         B        C        D         E       F
            +---------+---------+-------+---------+---------+-------
      Total |     281 |      37 |  11.6 |      66 |      13 |  16.5
            +---------+---------+-------+---------+---------+-------
        D:1 |      49 |       0 |   0.0 |      29 |       0 |   0.0
        D:2 |      26 |       0 |   0.0 |      14 |       0 |   0.0
        D:3 |     206 |      37 |  15.2 |      23 |      13 |  36.1
            +---------+---------+-------+---------+---------+-------
